 Dungeon Crawl Stone Soup version 0.26.1-11-gd32895ea62 (webtiles) character file.

Game seed: 4461660705262212075

11 jlumianski the Caller (level 2, -3/11 HPs)
             Began as a Felid Summoner on May 3, 2021.
             Slain by a howler monkey (8 damage)
             ... on level 1 of the Dungeon.
             The game lasted 00:06:47 (1520 turns).

jlumianski the Caller (Felid Summoner)              Turns: 1520, Time: 00:06:48

Health: -3/11      AC:  1    Str:  4    XL:     2   Next: 13%
Magic:  2/6        EV: 18    Int: 16    God:
Gold:   64         SH:  0    Dex: 16    Spells: 2/5 levels left
                                        Lives:  0   Deaths: 0

rFire    . . .     SeeInvis +   (weapon unavailable)
rCold    . . .     Faith    .   (shield unavailable)
rNeg     . . .     Spirit   .   (armour unavailable)
rPois    .         Reflect  .   (helmet unavailable)
rElec    .         Harm     .   (cloak unavailable)
rCorr    .         Rampage  .   (gloves unavailable)
Will     .....                  (boots unavailable)
Stlth    +++.......             (no amulet)
HPRegen  0.03/turn              (no ring)
MPRegen  0.10/turn              (no ring)

@: quick
A: very small, no armour, no weapons or thrown items, stealth, claws 1, fangs 3,
see invisible, speed 1, shaggy fur 1, sharp paws
a: no special abilities


You were on level 1 of the Dungeon.
You visited 1 branch of the dungeon, and saw 2 of its levels.

You collected 64 gold pieces.

Inventory:

Scrolls
 a - a scroll of remove curse {unknown}
 d - 2 scrolls of amnesia {unknown}
Potions
 b - a potion of curing {unknown}
 c - a potion of invisibility {unknown}
 e - a potion of haste {unknown}
 f - a potion of degeneration {unknown}
 g - a potion of magic {unknown}


   Skills:
 + Level 2.6 Dodging
 + Level 2.6 Stealth
 + Level 2.2 Spellcasting
 + Level 4.3 Summonings


You had 2 spell levels left.
You knew the following spells:

 Your Spells              Type           Power        Failure   Level
a - Summon Small Mammal   Summ           60%          3%          1
b - Call Imp              Summ           15%          5%          2

Your spell library contained the following spells:

 Spells                   Type           Power        Failure   Level
 Call Canine Familiar     Summ           15%          11%         3
 Summon Guardian Golem    Hex/Summ       8%           26%         3
 Summon Ice Beast         Ice/Summ       8%           63%         4
 Summon Lightning Spire   Summ/Air       8%           63%         4


Dungeon Overview and Level Annotations

Branches:
Dungeon (2/15)

Altars:


Innate Abilities, Weirdness & Mutations

You cannot wear armour.
You are incapable of wielding weapons or throwing items.
Your paws allow you to move quietly. (Stealth)
You have sharp claws.
You have razor-sharp teeth.
You have supernaturally acute eyesight. (SInv)
You cover ground quickly.
You are covered in fur. (AC +1)
Your sharp claws are effective at attacking unaware monsters.


Message History

Your crimson imp misses the howler monkey.
Your crimson imp hits the howler monkey.
The howler monkey hoots and howls with incredible vigour!
Your quokka bites the howler monkey.
Your crimson imp hits the howler monkey.
The howler monkey hits your quokka.
Your quokka bites the howler monkey.
Your crimson imp barely misses the howler monkey.
The howler monkey hits your quokka.
Your quokka dies!
Your quokka's corpse disappears in a puff of smoke!
The howler monkey hoots and howls with incredible vigour!
Something closely misses your crimson imp.
Your crimson imp blinks!
Casting: Summon Small Mammal (safe; 3% risk of failure)
Confirm with . or Enter, or press ? or * to list all spells.
The howler monkey hoots and howls with incredible vigour!
Your crimson imp hits the howler monkey but does no damage.
The howler monkey hits you!
Ouch! That really hurt!
You die...

......######.#######....<....####
......######..## ####...####
#..............## ##...##
....########.#..## ##..⌠..##
###.#####....#...####.......##
........+...)#.#..##..⌠...⌠..####
.##.#####....#.##.......⌠.......#
....#####....#.##r###.......###.#
................@h..####.#####...
##..#####.##..####5.# #..# #...
...........#.......># #.## #...
.....###..##..####..# #.######...
#...........÷.# ##.## #..........
#.........##..# #..# #.#####....
..............###.## #.# #....
#..##.#.#.........# #.# #....
#..##.#.##....##.## #.# #....


You could see a howler monkey (catching breath), a friendly crimson imp
(summoned) and a friendly rat (summoned).

Vanquished Creatures
  A goblin (D:1)
  A frilled lizard (D:1)
  A kobold (D:1)
  2 rats (D:1)
5 creatures vanquished.

Vanquished Creatures (collateral kills)
  A leopard gecko (D:1)
  A bat (D:1)
  2 giant cockroaches (D:1)
  2 hobgoblins (D:1)
  3 kobolds (D:1)
9 creatures vanquished.

Grand Total: 14 creatures vanquished

Notes
Turn   | Place    | Note
-------+----------+-------------------------------------------
     0 | D:1      | jlumianski the Felid Summoner began the quest for the Orb.
     0 | D:1      | Reached XP level 1. HP: 7/7 MP: 4/4
   832 | D:1      | Reached XP level 2. HP: 7/11 MP: 3/6
  1367 | D:1      | Learned a level 2 spell: Call Imp
  1489 | D:2      | Noticed a howler monkey
  1520 | D:1      | Slain by a howler monkey

Illustrated notes

Levels and vault maps discovered:
D:1:      dpeg_arrival_leaves_temple_mockup, layout_basic
D:2:      layout_rooms, doesnt_xom_only_xom, minmay_gold_behind_fungi,
          minmay_misc_feat_secret_circle, item_on_display_a

Action                   || total
-------------------------++-------
Melee: Unarmed           ||    30
       Bite              ||     1
 Cast: Summon Small Mamm ||    28
       Call Imp          ||     1
 Stab: Sleeping          ||     4
Armor: Skin              ||     2
Dodge: Dodged            ||    37
